 Dungeon Crawl Stone Soup version bcrawl-1.19.1 (webtiles) character file.

Game seed: 6022190243181052022

112 Freyura the Grave Robber (level 4, -4/24 HPs)
             Began as a Skeleton Necromancer on Nov 24, 2019.
             Slain by a phantom (6 damage)
             ... on level 3 of the Dungeon.
             The game lasted 00:19:12 (3051 turns).

Freyura the Grave Robber (Skeleton Necromancer)     Turns: 3051, Time: 00:19:12

Health: -4/24      AC:  3    Str: 15      XL:     4   Next: 64%
Magic:  0/10       EV: 12    Int: 14      God:
Gold:   208        SH:  0    Dex:  8 (9)  Spells: 7/12 levels left

rFire    . . .     SeeInvis .   i - +1 rapier
rCold    + . .     Gourm    .   (no shield)
rNeg     + + +     Faith    .   b - +0 robe
rPois    ∞         Spirit   +   (no helmet)
rElec    .         Reflect  .   k - scarf {cloud immunity}
rCorr    .         Harm     .   e - +0 pair of gloves
MR       .....                  (no boots)
Stlth    ++........             (no amulet)
HPRegen  0.08/turn              (no ring)
MPRegen  0.12/turn              (no ring)

@: no status effects
A: no food or potions, cold resistance 1, deterioration 1, negative energy
resistance 3, torment resistance, unbreathing, magic shield, sturdy frame 1,
spell healing
a: no special abilities


You were on level 3 of the Dungeon.
You were not hungry.

You visited 1 branch of the dungeon, and saw 3 of its levels.

You collected 208 gold pieces.

Inventory:

Hand Weapons
 i - a +1 rapier (weapon)
Armour
 b - a +0 robe (worn)
 e - a +0 pair of gloves (worn)
 k - a scarf of cloud immunity (worn)
Scrolls
 a - 3 scrolls of remove curse
 c - a scroll of immolation
 d - a scroll of identify
 f - a scroll of teleportation
 g - a scroll of blinking


   Skills:
 + Level 0.6 Fighting
 + Level 0.8 Short Blades
 + Level 2.6 Dodging
 + Level 3.1 Stealth
 * Level 4.5 Spellcasting
 + Level 5.1 Necromancy


You had 7 spell levels left.
You knew the following spells:

 Your Spells              Type           Power        Failure   Level  Hunger
a - Pain                  Necr           ###...       2%          1    N/A
b - Animate Dead          Necr           N/A          22%         4    N/A

Your spell library contained the following spells:

 Spells                   Type           Power        Failure   Level  Hunger
 Animate Skeleton         Necr           N/A          2%          1    N/A
 Vampiric Draining        Necr           ###.......   7%          3    N/A
 Bolt of Draining         Conj/Necr      ##........   87%         5    N/A
 Regeneration             Chrm/Necr      Unusable     N/A         3    N/A

Dungeon Overview and Level Annotations

Branches:
Dungeon (3/12)

Altars:

Annotations:
D:3 3 runed translucent doors, Morbidden's ghost, weakling HOAc


Innate Abilities, Weirdness & Mutations

You do not eat or drink.
You are immune to poison.
Your flesh is cold resistant. (rC+)
Your body sometimes deteriorates upon taking damage.
You are immune to negative energy. (rN+++)
You are immune to unholy pain and torment.
You can survive without breathing.
When hurt, damage is shared between your health and your magic reserves.
Your movements are slightly less encumbered by armour. (ER -2)
Casting spells heals you.


Message History

The phantom is heavily damaged.
The phantom hits you.
* * * LOW HITPOINT WARNING * * *
The phantom blinks!
The phantom misses you.
You closely miss the phantom.
The phantom is heavily damaged.
The phantom blinks!
The phantom blinks!
The phantom blinks!
You closely miss the phantom.
The phantom is moderately damaged.
The phantom hits you.
* * * LOW HITPOINT WARNING * * *
The phantom blinks!
The phantom hits you.
* * * LOW HITPOINT WARNING * * *
The phantom blinks!
The phantom hits you.
You die...

#.. ..#.# #.# .# #.
#>#######.#.# #.# .# ##.
#.#....##.#.# ##.##.##.....
#.#.##.##.#.# #...†........
#.#.##.##.#.# #..##.##.####
#.#.##.##.#.###..# .# #
#####.#<##...........# .# #
#.).....##.......##(.##.##.#
#
#[###)####....@..##........#
# #.#
#.####)....W........#### #
#.# #.##.........##..#### #
#.# #.##.#........>..# # #.#
#..........<.##.## #
###.######.#.......##.#
...........####..##...###
.##.######## #.........# #.#
#.###.###.#


You could see a phantom.

Vanquished Creatures
  3 adders
  3 worms
  A dart slug (D:1)
  3 leopard geckos
  6 orcs (D:3)
  A giant cockroach (D:2)
  11 hobgoblins
  6 jackals (D:2)
  2 quokkas
  A ball python (D:1)
  8 bats
  3 frilled lizards
  7 goblins
  5 kobolds
  4 rats
64 creatures vanquished.

Notes
Turn   | Place    | Note
-------+----------+-------------------------------------------
     0 | D:1      | Freyura the Skeleton Necromancer began the quest for the
                  | Orb.
     0 | D:1      | Reached XP level 1. HP: 10/10 MP: 4/4
   694 | D:1      | Reached XP level 2. HP: 15/15 MP: 4/6
  1344 | D:2      | Reached XP level 3. HP: 14/19 MP: 0/8
  1856 | D:2      | Reached skill level 5 in Necromancy
  2293 | D:3      | Reached XP level 4. HP: 23/24 MP: 0/10
  2608 | D:3      | Learned a level 4 spell: Animate Dead
  2841 | D:3      | Found a runed translucent gate.
  2841 | D:3      | Found a runed translucent gate.
  2841 | D:3      | Found a runed translucent gate.
  2842 | D:3      | Noticed Morbidden's ghost (weakling HOAc)
  3007 | D:3      | Noticed a phantom
  3048 | D:3      | HP: 1/24 [phantom (1)]
  3051 | D:3      | Slain by a phantom

Skill      XL: |  1  2  3 |
---------------+----------+-----
Spellcasting   | 4 |  4.5
Necromancy     | 5 |  5.1
Stealth        | 3 |  3.1
Fighting       | |  0.6
Short Blades   | |  0.8
Dodging        | |  2.6

Action                   |  1- 3 |  4- 6 || total
-------------------------+-------+-------++-------
Melee: Dagger            |    62 |       ||    62
       Rapier            |    13 |    23 ||    36
 Cast: Pain              |    77 |    39 ||   116
  Use: Scroll            |     6 |       ||     6
 Stab: Sleeping          |     1 |       ||     1
Armor: Robe              |    10 |     2 ||    12
Dodge: Dodged            |    50 |    18 ||    68
